 Dungeon Crawl Stone Soup version 0.29-a0-472-ge5599a681e (webtiles) character file.

Game seed: 11352966176678031163

648288 Zonian the Warrior (level 27, -7/227 HPs)
             Began as a Gnoll Ice Elementalist on May 4, 2022.
             Was the Champion of Dithmenos.
             Mangled by an Orb Guardian (13 damage)
             ... on level 5 of the Realm of Zot on May 22, 2022.
             The game lasted 08:52:02 (143981 turns).

Zonian the Warrior (Gnoll Ice Elementalist)       Turns: 143981, Time: 08:52:02

Health: -7/227     AC: 20    Str: 15      XL:     27
Magic:  2/55       EV: 26    Int: 24      God:    Dithmenos [******]
Gold:   1779       SH: 13    Dex: 20 (21) Spells: 3/65 levels left

rFire   + + .      SeeInvis +   b - +8 mithril axe "Arga" {speed, Will+}
rCold   + . .      Faith    .   W - +3 buckler {reflect}
rNeg    + + .      Spirit   .   a - +5 leather armour of Ipretete {Fly Str+4 Int+3}
rPois   +          Reflect  +   p - -2 hat of the Alchemist {rElec rPois rF+ rC+ rN+ Will+ rMut rCorr}
rElec   +          Harm     .   i - +2 cloak {rCorr}
rCorr   +          Rampage  +   m - +2 pair of gloves
rMut    +                       Q - +2 pair of boots {rampage}
Will    ++++.                   e - amulet of Wariness {RegenMP Str+2 Int+2} Stlth ****++++++
                                x - ring "Vufeqisu" {rN+ MP+9 SInv}
HPRegen 0.47/turn               n - ring of the Hero {Drain rPois rF+ Slay+3}
MPRegen 0.74/turn

@: flying, wreathed by umbra, studying Fighting
A: fangs 1, strong nose, distributed training
}: 4/15 runes: barnacled, slimy, silver, gossamer
a: Renounce Religion, Shadow Step, Shadow Form


You were on level 5 of the Realm of Zot.
You worshipped Dithmenos.
Dithmenos was exalted by your worship.
You visited 12 branches of the dungeon, and saw 57 of its levels.
You visited Pandemonium 1 time, and saw 1 of its levels.
You also visited: Sewer, Bailey and Wizlab.

You collected 9194 gold pieces.
You spent 7415 gold pieces at shops.

Inventory:

Hand Weapons
 b - the +8 mithril axe "Arga" (weapon) {speed, Will+}
   (You bought it in a shop on level 1 of the Vaults)

   Attacks with this weapon are significantly faster.
   Will:      It increases your willpower.
 c - the +10 short sword "Guqajeafi" {protect, Int+4 SInv}
   (You found it on level 5 of the Dungeon)

   It grants its wielder temporary protection when it strikes (+7 to AC).
   Int:       It affects your intelligence (+4).
   SInv:      It lets you see invisible.
 C - the +11 hunting sling of Wunau {vorpal, rF+ Dex+4}
   (You took it off a vault guard on level 5 of the Vaults)

   Any ammunition fired from it inflicts extra damage upon your enemies.
   Dex:       It affects your dexterity (+4).
   rF:        It protects you from fire.
 G - a +7 morningstar of flaming
 L - a +6 long sword of holy wrath
Missiles
 w - 2 throwing nets
 I - 5 silver javelins
 T - 10 javelins
 Y - 6 curare-tipped darts
Armour
 a - the +5 leather armour of Ipretete (worn) {Fly Str+4 Int+3}
   (You found it on level 11 of the Dungeon)

   Str:       It affects your strength (+4).
   Int:       It affects your intelligence (+3).
   Fly:       It grants you flight.
 i - a +2 cloak of preservation (worn)
 m - a +2 pair of gloves (worn)
 p - the -2 hat of the Alchemist (worn) {rElec rPois rF+ rC+ rN+ Will+ rMut rCorr}
   (You found it in a wizard's laboratory)

   rF:        It protects you from fire.
   rC:        It protects you from cold.
   rElec:     It insulates you from electricity.
   rPois:     It protects you from poison.
   rN:        It protects you from negative energy.
   rCorr:     It protects you from acid and corrosion.
   rMut:      It protects you from mutation.
   Will:      It increases your willpower.
 Q - a +2 pair of boots of rampaging (worn)
 V - the +3 crown of Dyrovepreva {rElec Int+2 SInv}
   (You found it on level 1 of the Lair of Beasts)

   Int:       It affects your intelligence (+2).
   rElec:     It insulates you from electricity.
   SInv:      It lets you see invisible.
 W - a +3 buckler of reflection (worn)
Jewellery
 e - the amulet of Wariness (around neck) {RegenMP Str+2 Int+2}
   (You took it off a deep elf elementalist on level 3 of the Elven Halls)

   [amulet of magic regeneration]

   It increases your rate of magic regeneration.
   Str:       It affects your strength (+2).
   Int:       It affects your intelligence (+2).
 n - the ring of the Hero (right hand) {Drain rPois rF+ Slay+3}
   (You bought it in a shop on level 2 of the Orcish Mines)

   [ring of poison resistance]

   Slay:      It affects your accuracy & damage with ranged weapons and melee
   (+3).
   rF:        It protects you from fire.
   rPois:     It protects you from poison.
   Drain:     It drains your maximum health when unequipped.
 r - the ring of the Trout {Wiz Str+3}
   (You found it on level 2 of the Realm of Zot)

   [ring of wizardry]

   It improves your spell success rate.
   Str:       It affects your strength (+3).
 s - an amulet of guardian spirit
 x - the ring "Vufeqisu" (left hand) {rN+ MP+9 SInv}
   (You found it on level 3 of the Crypt)

   [ring of positive energy]

   rN:        It protects you from negative energy.
   MP:        It affects your magic capacity (+9).
   SInv:      It lets you see invisible.
 M - the ring "Osiaxado" {*Corrode rC+ Will+ EV+4 Int+3}
   (You found it on level 1 of the Depths)

   [ring of evasion]

   EV:        It affects your evasion (+4).
   Int:       It affects your intelligence (+3).
   rC:        It protects you from cold.
   *Corrode:  It may corrode you when you take damage.
   Will:      It increases your willpower.
 R - a +4 ring of slaying
 X - the ring "Waushado" {rF+ rC- rCorr Str+5 Int+4}
   (You found it on level 2 of the Realm of Zot)

   [ring of protection from fire]

   Str:       It affects your strength (+5).
   Int:       It affects your intelligence (+4).
   rF:        It protects you from fire.
   rC:        It makes you vulnerable to cold.
   rCorr:     It protects you from acid and corrosion.
Wands
 t - a wand of charming (22)
 u - a wand of iceblast (4)
 N - a wand of mindburst (11)
Scrolls
 f - 10 scrolls of teleportation
 k - 4 scrolls of magic mapping
 l - a scroll of summoning
 o - a scroll of amnesia
 v - 5 scrolls of fog
 D - 8 scrolls of fear
 H - 3 scrolls of poison
 J - 12 scrolls of blinking
Potions
 g - 4 potions of curing
 j - 4 potions of haste
 z - 6 potions of invisibility
 A - 3 potions of resistance
 B - 6 potions of might
 E - 7 potions of ambrosia
 F - 2 potions of cancellation
 K - 3 potions of berserk rage
 O - 5 potions of brilliance
 P - 2 potions of magic
Miscellaneous
 d - a condenser vane
 h - a lightning rod (3/4)
 q - a tin of tremorstones (1/2)
 y - the horn of Geryon
 S - a box of beasts
 Z - a phantom mirror


   Skills:
 + Level 20.8 Fighting
 + Level 19.1 Short Blades
 + Level 19.1 Long Blades
 + Level 19.1 Axes
 + Level 19.1 Maces & Flails
 + Level 19.1 Polearms
 + Level 19.1 Staves
 + Level 19.1 Slings
 + Level 19.1 Bows
 + Level 19.1 Crossbows
 + Level 19.1 Throwing
 + Level 19.1 Armour
 + Level 19.6 Dodging
 + Level 19.5 Stealth
 + Level 19.1 Shields
 + Level 19.1 Unarmed Combat
 + Level 19.7 Spellcasting
 + Level 16.3 Conjurations
 + Level 16.3 Hexes
 + Level 16.3 Summonings
 + Level 16.3 Necromancy
 + Level 16.3 Translocations
 + Level 16.3 Transmutations
 + Level 16.3 Fire Magic
 + Level 17.6 Ice Magic
 + Level 16.3 Air Magic
 + Level 16.3 Earth Magic
 + Level 16.3 Poison Magic
 + Level 20.7 Invocations
 + Level 19.1 Evocations


You had 3 spell levels left.
You knew the following spells:

 Your Spells              Type           Power      Damage    Failure   Level
a - Statue Form           Tmut/Erth      53%        N/A       1%          6
b - Frozen Ramparts       Ice            100%       1d12      0%          3
c - Ozocubu's Armour      Ice            83%        N/A       0%          3
d - Hailstorm             Conj/Ice       81%        3d16      1%          4
e - Spellforged Servitor  Conj/Summ      40%        N/A       2%          7
f - Monstrous Menagerie   Summ           40%        N/A       2%          7
g - Fireball              Conj/Fire      40%        3d16      1%          5
h - Stone Arrow           Conj/Erth      100%       3d13      0%          3
i - Summon Forest         Summ/Tloc      40%        N/A       1%          5
j - Lee's Rapid Deconstr  Erth           40%        3d21*     1%          5
l - Iskenderun's Mystic   Conj/Tloc      80%        2d16      1%          4
m - Dispel Undead         Necr           80%        3d26      1%          4
n - Iron Shot             Conj/Erth      40%        9d8       1%          6

Your spell library contained the following spells:

 Spells                   Type           Power      Damage    Failure   Level
 Animate Skeleton         Necr           100%       N/A       0%          1
 Beastly Appendage        Tmut           100%       N/A       0%          1
 Freeze                   Ice            100%       1d11      0%          1
 Pain                     Necr           100%       1d9       0%          1
 Sandblast                Erth           100%       2d20      0%          1
 Slow                     Hex            100%       N/A       0%          1
 Sting                    Tmut/Pois      100%       1d8       0%          1
 Blink                    Tloc           100%       N/A       0%          2
 Call Imp                 Summ           80%        N/A       0%          2
 Passwall                 Tmut/Erth      66%        N/A       0%          2
 Poisonous Vapours        Pois/Air       100%       N/A       0%          2
 Sublimation of Blood     Necr           80%        N/A       0%          2
 Wereblood                Tmut           80%        N/A       0%          2
 Call Canine Familiar     Summ           80%        N/A       0%          3
 Confusing Touch          Hex            80%        N/A       0%          3
 Dazzling Flash           Conj/Hex       100%       N/A       0%          3
 Ignite Poison            Fire/Tmut/Pois 80%        N/A       0%          3
 Lesser Beckoning         Tloc           80%        N/A       0%          3
 Mephitic Cloud           Conj/Pois/Air  80%        N/A       0%          3
 Portal Projectile        Hex/Tloc       100%       N/A       0%          3
 Spider Form              Tmut/Pois      80%        N/A       0%          3
 Summon Guardian Golem    Hex/Summ       80%        N/A       0%          3
 Tukima's Dance           Hex            80%        N/A       0%          3
 Vampiric Draining        Necr           80%        2d11      0%          3
 Anguish                  Hex/Necr       40%        N/A       1%          4
 Animate Armour           Summ/Erth      100%       N/A       1%          4
 Corpse Rot               Necr/Pois/Air  80%        N/A       1%          4
 Fulminant Prism          Conj/Hex       40%        3d20      1%          4
 Ice Form                 Ice/Tmut       81%        N/A       1%          4
 Leda's Liquefaction      Hex/Erth       40%        N/A       1%          4
 Olgreb's Toxic Radiance  Pois           80%        N/A       1%          4
 Passage of Golubria      Tloc           80%        N/A       1%          4
 Petrify                  Tmut/Erth      80%        N/A       1%          4
 Summon Ice Beast         Ice/Summ       81%        N/A       1%          4
 Summon Lightning Spire   Summ/Air       80%        N/A       1%          4
 Agony                    Necr           80%        N/A       1%          5
 Blade Hands              Tmut           40%        N/A       1%          5
 Freezing Cloud           Conj/Ice/Air   40%        6-21      1%          5
 Irradiate                Conj/Tmut      40%        3d26      1%          5
 Iskenderun's Battlesphe  Conj           80%        2d13      1%          5
 Metabolic Englaciation   Hex/Ice        40%        N/A       1%          5
 Silence                  Hex/Air        40%        N/A       1%          5
 Summon Mana Viper        Hex/Summ       80%        N/A       1%          5
 Yara's Violent Unravell  Hex/Tmut       40%        3d16      1%          5
 Conjure Ball Lightning   Conj/Air       40%        3x3d13    1%          6
 Death Channel            Necr           40%        N/A       1%          6
 Dispersal                Tloc           40%        N/A       1%          6
 Eringya's Noxious Bog    Tmut/Pois      40%        N/A       1%          6
 Simulacrum               Ice/Necr       40%        N/A       1%          6
 Starburst                Conj/Fire      40%        6d11      1%          6
 Summon Cactus Giant      Summ           40%        N/A       1%          6
 Ozocubu's Refrigeration  Ice            41%        4d13      1%          7
 Enfeeble                 Hex            40%        N/A       2%          7
 Malign Gateway           Summ/Tloc      40%        N/A       2%          7
 Orb of Destruction       Conj           40%        9d11      2%          7
 Storm Form               Tmut/Air       40%        N/A       2%          7
 Summon Hydra             Summ           40%        N/A       2%          7
 Borgnjor's Revivificati  Necr           40%        N/A       19%         8
 Discord                  Hex            40%        N/A       19%         8
 Disjunction              Tloc           40%        N/A       19%         8
 Ignition                 Fire           40%        3d12      19%         8
 Lehudib's Crystal Spear  Conj/Erth      40%        10d10     19%         8
 Maxwell's Capacitive Co  Air            40%        ∞         19%         8
 Necromutation            Tmut/Necr      40%        N/A       19%         8
 Chain Lightning          Conj/Air       40%        3d53      96%         9
 Death's Door             Necr           40%        N/A       96%         9
 Fire Storm               Conj/Fire      40%        8d10      96%         9
 Shatter                  Erth           40%        3d31*     96%         9


Dungeon Overview and Level Annotations

Branches:
Dungeon (15/15)            Temple (0/1) D:6            Lair (6/6) D:10
 Shoals (4/4) Lair:2       Spider (4/4) Lair:2        Slime (5/5) Lair:5
    Orc (2/2) D:12            Elf (3/3) Orc:2        Vaults (5/5) D:14
  Crypt (3/3) Vaults:3       Tomb (0/3) Crypt:3      Depths (4/4) D:15
   Hell (visited)             Dis (0/7) Hell            Geh (0/7) Hell
    Coc (0/7) Hell            Tar (0/7) Hell            Zot (5/5) Depths:4
  Sewer (visited)          Bailey (visited)          WizLab (visited)

Altars:
Ashenzari
Dithmenos
Elyvilon
Gozag
Hepliaklqana
Makhleb
Nemelex Xobeh
Okawaru
Ru
Sif Muna
Wu Jian
Xom
Yredelemnul
The Shining One
Jiyva

Shops:
D:6 *:(?   D:15 ?   Orc:2 :**==   Elf:2 (   Vaults:1 *(   Vaults:2 [
Vaults:5 ???   Depths:4 =:=

Portals:
Hell: Depths:1 Depths:2 Depths:3 Depths:4
Abyss: Depths:1 Depths:2 Depths:3 Depths:4
Pandemonium: Depths:1 Depths:2
Ziggurat: Depths:1

Annotations:
Lair:2 exclusion: oklob plant
Elf:2 3 runed translucent doors


Innate Abilities, Weirdness & Mutations

You have very sharp teeth.
Your uncanny sense of smell can sniff out nearby items.
Your experience applies equally to all skills.


Message History

As you read the scroll of blinking, it crumbles to dust.
You hear a loud "Zot"!
As you read the scroll of fog, it crumbles to dust.
The scroll dissolves into smoke.
You hear a loud "Zot"!
The power of Zot is invoked against you!
You suddenly feel drained of magical energy!
The Orb Guardian fails to trigger a net trap.
You see here a +0 great mace.
Okay, then.
Blink to where?
Press: ? - help, Dir - move target
As you read the scroll of blinking, it crumbles to dust.
Casting: Iskenderun's Mystic Blast (safe; 1% risk of failure)
Confirm with . or Enter, or press ? or * to list all spells.
Aiming: Iron Shot (mildly dangerous; 1% risk of failure)
Press: ? - help, Shift-Dir - straight line, f - Orb Guardian
Aim: an Orb Guardian (lightly wounded, umbra, 67% to hit)
The iron shot misses the Orb Guardian.
Your shadow mimicks your spell!
The shadow shard hits the Orb Guardian!!
The Orb Guardian hits you but does no damage.
Casting: Iron Shot (mildly dangerous; 1% risk of failure)
Confirm with . or Enter, or press ? or * to list all spells.
Aiming: Iron Shot (mildly dangerous; 1% risk of failure)
Press: ? - help, Shift-Dir - straight line, f/p - Orb Guardian
Aim: an Orb Guardian (moderately wounded, umbra, 67% to hit)
The iron shot hits the Orb Guardian!!
The Orb Guardian is severely wounded.
The Orb Guardian hits you!
* * * LOW HITPOINT WARNING * * *
Aiming: Thunderbolt
Press: ? - help, Shift-Dir - straight line, f/p - Orb Guardian
Aim: an Orb Guardian (severely wounded, umbra)
The thunderbolt hits the Orb Guardian!
The Orb Guardian is almost dead.
The Orb Guardian hits you!
* * * LOW HITPOINT WARNING * * *
The Orb Guardian hits you!
You die...

**,,,,,,,,,*▓X§§§..X..§§§§§......
***,,,,,,,**▓§§X§X§§..§§X§§§.....
* ********* #....§.X..§§§§.......
* ##§......§§§§§X......
##▓.....^§§§§X.§....
▓▓▓▓....§§§.......
#▓▓▓▓▓▓▓▓▓▓▓##....^ *
###..X............... #*
##...@##.)............
.###########...###...............
..............###................
.............## #....^...........
.............# #................
#......)....## #...^..!....^....
#...........# #......^.........
#...........## #................
.............# ##...............


You could see an Orb Guardian.

Vanquished Creatures
  the Royal Jelly (Slime:5)
  2 dread liches
  2 ancient liches (Vaults:5)
  A pandemonium lord (Pan)
  4 orbs of fire
  Mara (Vaults:5)
  A juggernaut (Depths:4)
  Sojobo (Vaults:2)
  Margery (Vaults:4)
  5 Killer Klowns
  7 curse toes
  Nikola (Vaults:3)
  Geryon (Hell)
  7 golden dragons
  Jory (Vaults:4)
  A bone dragon (Depths:4)
  5 electric golems
  The ghost of Psyclone the Gelid, an adept OpIE of Gozag (Elf:3)
  12 Ice Fiends (Pan)
  The ghost of Zonian the Warrior, an adept DsIE of Makhleb (Elf:3)
  A spectral shard shrike (Crypt:3)
  Rupert (D:14)
  9 Orb Guardians (Zot:5)
  Asterion (Vaults:3)
  7 tentacled monstrosities
  5 liches
  3 quicksilver dragons
  2 titans (Vaults:5)
  2 deep elf blademasters (Elf:3)
  5 deep elf master archers
  A walking divine tome (WizLab)
  Murray (Depths:1)
  A kraken (Shoals:4)
  12 acid blobs
  6 death cobs
  2 sphinxes
  2 strange machines (WizLab)
  10 shadow dragons
  Gastronok (Lair:1)
  Agnes (D:14)
  3 ancient champions
  The ghost of Qyadack the Severer, an adept HOFi of Beogh (Spider:2)
  16 storm dragons
  6 tengu reavers
  5 revenants
  7 azure jellies (Slime:5)
  7 rockslimes (Slime:5)
  6 fire giants
  A draconian knight (Zot:1)
  4 draconian monks
  15 vault wardens
  2 iron dragons
  8 emperor scorpions
  9 frost giants
  3 deep elf sorcerers
  The ghost of spaghetti the Cleaver, an adept VSFi of Cheibriados (Elf:3)
  3 draconian scorchers
  2 orc warlords
  11 ghost moths
  4 cacodemons
  9 ghouls
  A spectral juggernaut (Crypt:3)
  A curse skull (Crypt:1)
  Louise (Spider:3)
  6 draconian shifters
  8 quicksilver oozes
  3 balrugs
  A spectral caustic shrike (Crypt:3)
  9 draconian stormcallers
  5 deep elf elementalists (Elf:3)
  2 spriggan defenders (Depths:2)
  12 reapers
  8 draconian annihilators
  13 ironbound preservers
  10 very ugly things
  2 demonspawn corrupters (Pan)
  7 war gargoyles
  13 stone giants
  2 demonspawn blood saints (Pan)
  9 purple draconians
  10 vampire knights
  9 ironbound thunderhulks
  4 deep elf annihilators
  2 demonspawn black suns (Pan)
  9 green draconians
  A broodmother (Spider:4)
  4 entropy weavers
  8 lorocyprocas (Pan)
  14 black draconians
  7 deep elf demonologists
  12 dire elephants
  9 red draconians
  13 white draconians
  3 spark wasps
  8 yellow draconians
  10 deep elf death magi
  4 merfolk javelineers
  3 iron golems (Hell)
  A green death (Hell)
  Snorg (D:14)
  2 spectral quicksilver dragons (Crypt:3)
  5 ettins
  6 fire dragons
  A quicksilver dragon zombie (Hell)
  3 blizzard demons
  17 eidola
  11 merfolk impalers
  4 deep elf high priests
  12 yaktaur captains
  Josephine (D:13)
  22 jiangshi
  Fannar (Lair:2)
  12 great orbs of eyes
  29 vault guards
  A fenstrider witch zombie (Crypt:2)
  A hell beast (Depths:1)
  11 rakshasas
  3 peacekeepers
  6 ice dragons
  3 radroaches (Spider:4)
  4 spriggan zombies
  A juggernaut simulacrum (Crypt:2)
  7 ironbound frosthearts
  6 merfolk avatars
  4 catoblepae
  9 hydras
  3 ogre magi
  5 boulder beetles
  A spriggan skeleton (Crypt:2)
  5 spriggan air magi
  3 alligator snapping turtles
  6 merfolk aquamancers
  A death knight (Vaults:3)
  14 death yaks
  15 centaur warriors
  A two-headed ogre (shapeshifter) (D:14)
  28 dancing weapons
  A satyr (Shoals:2)
  A satyr (shapeshifter) (Vaults:4)
  8 two-headed ogres
  6 deep troll earth magi
  4 hell hogs (Depths:1)
  3 deep troll shamans
  3 tengu warriors
  8 vampire magi
  5 spriggan berserkers
  5 shock serpents (Zot:1)
  Sonja (Lair:3)
  13 deep elf knights
  3 spectral storm dragons (Crypt:3)
  4 titan skeletons
  2 pharaoh ants
  2 titan zombies
  11 soul eaters
  8 sixfirhies
  24 sun demons
  19 hell knights
  An anaconda zombie (Crypt:2)
  A spark wasp zombie (Hell)
  10 iron trolls
  8 shadow wraiths
  A storm dragon skeleton (Vaults:4)
  8 flayed ghosts
  2 spriggan simulacra
  5 steelbarb worms
  56 deep trolls
  24 skeletal warriors
  A golden dragon zombie (Hell)
  A shadow demon (Pan)
  A swamp dragon (shapeshifter) (D:15)
  6 sea snakes
  12 lindwurms
  7 orb spiders
  7 wizards
  28 large abominations
  21 harpies
  7 glowing orange brains
  9 necromancers
  20 phantasmal warriors
  12 deep elf archers
  22 deep elf pyromancers
  2 spectral ettins (Crypt:3)
  A bog body (Crypt:1)
  23 deep elf zephyrmancers
  16 wolf spiders
  A shadow dragon skeleton (Crypt:3)
  3 orc sorcerers
  2 orc knights
  3 shining eyes
  2 frost giant zombies
  4 fire giant zombies
  13 ironbound convokers
  3 stone giant zombies
  44 ugly things
  14 manticores
  2 salamanders (shapeshifter)
  A cyclops (shapeshifter) (Elf:3)
  A faun (Shoals:2)
  6 cyclopes
  9 elephants
  A stone giant skeleton (Crypt:3)
  23 moths of wrath
  A centaur zombie (Crypt:3)
  8 apocalypse crabs (Zot:2)
  8 rust devils
  A torpor snail (Spider:1)
  25 vault sentinels
  2 eyes of devastation (Slime:5)
  3 black mambas
  14 merfolk sirens
  3 molten gargoyles
  2 gargoyles
  9 water nymphs
  21 cane toads
  4 orange demons
  2 cane toads (shapeshifter)
  22 smoke demons
  A hellion (Hell)
  4 rime drakes
  A centaur skeleton (Crypt:2)
  14 tormentors (Pan)
  9 demonic crawlers
  An efreet (D:14)
  2 ice devils
  2 unseen horrors (Depths:3)
  16 freezing wraiths
  2 spectral nagas (Crypt:3)
  17 yaktaurs
  2 tengu conjurers
  13 komodo dragons
  2 spectral harpies (Crypt:3)
  3 hellwings
  2 red devils
  A queen bee (Lair:5)
  4 polar bears
  5 trolls
  2 yaktaur skeletons
  A human skeleton (Vaults:1)
  4 hornets
  6 meliai
  52 slime creatures
  20 tarantellas
  40 merfolk
  9 wind drakes
  A saltling (Vaults:3)
  7 snapping turtles
  A raiju (Zot:1)
  A harpy skeleton (Crypt:2)
  A moth of wrath zombie (Crypt:2)
  A stone giant simulacrum (Crypt:3)
  A hydra skeleton (Crypt:2)
  27 blink frogs
  2 ettin zombies
  A culicivora (shapeshifter) (Elf:1)
  A fire dragon zombie (Crypt:3)
  13 dream sheep
  A spectral black mamba (Crypt:3)
  11 flying skulls
  6 air elementals
  26 jumping spiders
  A naga simulacrum (Crypt:3)
  A spriggan (shapeshifter) (D:14)
  3 spriggans
  15 water elementals
  4 shadows
  3 fire elementals
  7 wyverns
  68 yaks
  7 culicivoras
  A vampire (D:12)
  8 wraiths
  3 ynoxinuls (Pan)
  39 redbacks
  12 vampire mosquitoes
  5 basilisks
  A redback (shapeshifter) (Elf:1)
  2 hogs (shapeshifter)
  19 chaos spawn
  3 yaktaur simulacra
  A steam dragon (D:7)
  A human zombie (Vaults:4)
  A swamp worm (shapeshifter) (Vaults:4)
  Edmund (D:4)
  2 wargs
  A cane toad zombie (Crypt:2)
  A demonspawn zombie (Crypt:1)
  3 acid dragons
  23 water moccasins
  2 sky beasts
  An ettin simulacrum (Crypt:3)
  47 orc warriors
  3 ice beasts
  7 ogres
  A black bear (D:8)
  5 boggarts (D:14)
  A boggart (shapeshifter) (Vaults:5)
  A blink frog zombie (Crypt:2)
  A wolf (Lair:5)
  15 centaurs
  2 phantoms
  3 kobold brigands (D:9)
  Blork the orc (D:4)
  A draconian zombie (Crypt:3)
  12 bullfrogs
  A fire crab zombie (Crypt:1)
  A scorpion (D:5)
  3 small abominations (Depths:3)
  9 necrophages
  2 earth elementals
  8 wights
  A wyvern skeleton (Crypt:3)
  44 killer bees
  A yak skeleton (Crypt:3)
  A warg skeleton (Crypt:1)
  2 electric eels (Lair:4)
  8 howler monkeys
  A jelly (D:5)
  A lava snake (D:9)
  A quasit (Pan)
  5 hounds
  2 gnoll shamans
  8 orc priests
  4 iguanas
  25 orc wizards
  15 hell rats
  5 lightning spires (Zot:1)
  A naga skeleton (Crypt:3)
  A deep dwarf skeleton (Crypt:1)
  22 gnolls
  A steam dragon zombie (Crypt:3)
  10 adders
  A swamp drake skeleton (Crypt:1)
  2 ufetubi
  An adder skeleton (Crypt:3)
  5 worms
  A dart slug (D:1)
  124 orcs
  7 endoplasms
  6 giant cockroaches
  12 goblins
  8 hobgoblins
  5 jackals
  24 kobolds
  3 quokkas
  3 ball pythons
  7 bats
  2 frilled lizards (D:2)
  A hobgoblin zombie (Crypt:2)
  A jackal skeleton (Crypt:1)
  An orc skeleton (Crypt:2)
  A quokka zombie (Crypt:2)
  6 rats
  2 ball lightnings (Zot:1)
  2 starspawn tentacles (Pan)
  2 tentacles (Shoals:4)
2546 creatures vanquished.

Vanquished Creatures (collateral kills)
  A Killer Klown (Zot:1)
  A golden dragon (Vaults:5)
  An Ice Fiend (Pan)
  A tengu reaver (Vaults:2)
  A balrug (Pan)
  A deep elf elementalist (Elf:3)
  A reaper (Pan)
  An ironbound preserver (Vaults:2)
  A demonspawn corrupter (Pan)
  A deep elf annihilator (Elf:3)
  A rakshasa (WizLab)
  A sun demon (Pan)
  A shock serpent (Zot:1)
  A deep troll (Vaults:2)
  An ironbound convoker (Vaults:2)
  A vault sentinel (Vaults:2)
  A smoke demon (Pan)
  A yaktaur (Vaults:2)
  A tormentor (Pan)
  2 orc warriors (Orc:2)
21 creatures vanquished.

Vanquished Creatures (others)
  A shadow dragon (Zot:3)
  A draconian knight (Zot:5)
  A draconian scorcher (Zot:3)
  A draconian shifter (Zot:1)
  2 black draconians (Zot:1)
  A tengu conjurer (Depths:2)
  A slime creature (D:15)
  A yak (Lair:6)
  A tengu zombie (Hell)
  An orc priest (D:7)
  2 hell rats (Hell)
  An orc (Orc:2)
  3 ball lightnings (Zot:1)
  A bush (D:10)
  26 fungi
  148 plants
  A snaplasher vine (Zot:1)
  2 tentacles (Shoals:4)
  4 withered plants (Elf:3)
199 creatures vanquished.

Grand Total: 2766 creatures vanquished

Notes
Turn   | Place    | Note
-------+----------+-------------------------------------------
     0 | D:1      | Zonian the Gnoll Ice Elementalist began the quest for the
                  | Orb.
     0 | D:1      | Reached XP level 1. HP: 13/13 MP: 6/6
   431 | D:1      | Reached XP level 2. HP: 20/20 MP: 5/7
  1128 | D:1      | Reached XP level 3. HP: 23/25 MP: 7/9
  1132 | D:1      | Learned a level 3 spell: Frozen Ramparts
  1136 | D:1      | Learned a level 3 spell: Ozocubu's Armour
  1271 | D:1      | Reached skill level 5 in Spellcasting
  1902 | D:2      | Found a burning altar of Makhleb.
  1909 | D:2      | Reached skill level 1 in Invocations
  2184 | D:2      | Reached skill level 1 in Fighting
  2184 | D:2      | Reached skill level 1 in Short Blades
  2184 | D:2      | Reached skill level 1 in Long Blades
  2184 | D:2      | Reached skill level 1 in Axes
  2184 | D:2      | Reached skill level 1 in Maces & Flails
  2184 | D:2      | Reached skill level 1 in Polearms
  2184 | D:2      | Reached skill level 1 in Staves
  2184 | D:2      | Reached skill level 1 in Slings
  2184 | D:2      | Reached skill level 1 in Bows
  2184 | D:2      | Reached skill level 1 in Crossbows
  2184 | D:2      | Reached skill level 1 in Throwing
  2184 | D:2      | Reached skill level 1 in Armour
  2184 | D:2      | Reached skill level 1 in Shields
  2184 | D:2      | Reached skill level 1 in Unarmed Combat
  2184 | D:2      | Reached skill level 1 in Evocations
  2323 | D:2      | Reached XP level 4. HP: 32/32 MP: 8/11
  2717 | D:3      | Found a white marble altar of Elyvilon.
  2812 | D:3      | Found a faded altar of an unknown god.
  2865 | D:3      | Found a shadowy altar of Dithmenos.
  2889 | D:3      | Became a worshipper of Dithmenos the Shadowed
  2919 | D:3      | Found an ornate altar of the Wu Jian Council.
  2922 | D:3      | Found a sparkling altar of Nemelex Xobeh.
  3020 | D:3      | Noticed a sky beast
  3026 | D:3      | Killed a sky beast
  3027 | D:3      | Reached skill level 1 in Conjurations
  3027 | D:3      | Reached skill level 1 in Hexes
  3027 | D:3      | Reached skill level 1 in Summonings
  3027 | D:3      | Reached skill level 1 in Necromancy
  3027 | D:3      | Reached skill level 1 in Translocations
  3027 | D:3      | Reached skill level 1 in Transmutations
  3027 | D:3      | Reached skill level 1 in Fire Magic
  3027 | D:3      | Reached skill level 1 in Air Magic
  3027 | D:3      | Reached skill level 1 in Earth Magic
  3027 | D:3      | Reached skill level 1 in Poison Magic
  3027 | D:3      | Reached XP level 5. HP: 10/37 MP: 5/12
  4169 | D:4      | Found a broken altar of Ashenzari.
  4341 | D:4      | Reached XP level 6. HP: 25/44 MP: 10/13
  4671 | D:4      | Noticed Blork the orc
  4676 | D:4      | Found a hazy altar of Hepliaklqana.
  4678 | D:4      | Found a faded altar of an unknown god.
  4683 | D:4      | Killed Blork the orc
  4684 | D:4      | Reached skill level 5 in Dodging
  4964 | D:4      | Noticed Edmund
  4977 | D:4      | Killed Edmund
  4978 | D:4      | Reached XP level 7. HP: 26/50 MP: 6/15
  5513 | D:5      | Entered Level 5 of the Dungeon
  5789 | D:5      | Identified the +10 short sword "Guqajeafi" {protect, Int+4
                  | SInv}
  5870 | D:5      | Reached skill level 5 in Stealth
  5880 | D:5      | Reached XP level 8. HP: 14/57 MP: 12/16
  6125 | D:5      | Learned a level 4 spell: Hailstorm
  6160 | D:5      | Found a glowing drain.
  6187 | Sewer    | Entered a sewer
  6214 | Sewer    | Reached * piety under Dithmenos
  6982 | D:6      | Found a staircase to the Ecumenical Temple.
  7546 | D:6      | Found Akkyuxt's General Store.
  7554 | D:6      | Bought a scroll of fog for 24 gold pieces
  7808 | D:6      | Found Vaoneusm's Antique Weapon Emporium.
  7819 | D:6      | Found Cuuqah's Magic Scroll Boutique.
  7827 | D:6      | Bought a scroll of magic mapping for 42 gold pieces
  7988 | D:6      | Found Utawna's Book Boutique.
  8386 | D:7      | Reached XP level 9. HP: 35/65 MP: 10/18
  8537 | D:7      | Found a flagged portal.
  8577 | Bailey   | Entered a bailey
  8682 | Bailey   | Reached ** piety under Dithmenos
  9114 | D:7      | Identified the +10 mace "Grim" {vorpal, Dex+4}
  9681 | D:8      | Found a sacrificial altar of Ru.
  9783 | D:8      | Found an opulent altar of Gozag.
  9861 | D:8      | You fall into a shaft and drop 3 floors!
  9949 | D:11     | Identified the +5 leather armour of Ipretete {Fly Str+4
                  | Int+3}
  9971 | D:11     | Noticed a troll
  9983 | D:11     | Killed a troll
  9984 | D:11     | Reached skill level 5 in Invocations
 10059 | D:11     | Noticed a cyclops
 10070 | D:11     | Killed a cyclops
 10071 | D:11     | Reached XP level 10. HP: 73/73 MP: 14/20
 10255 | D:11     | Noticed a gargoyle
 10273 | D:11     | Killed a gargoyle
 10274 | D:11     | Reached skill level 5 in Fighting
 10274 | D:11     | Reached skill level 5 in Short Blades
 10274 | D:11     | Reached skill level 5 in Long Blades
 10274 | D:11     | Reached skill level 5 in Axes
 10274 | D:11     | Reached skill level 5 in Maces & Flails
 10274 | D:11     | Reached skill level 5 in Polearms
 10274 | D:11     | Reached skill level 5 in Staves
 10274 | D:11     | Reached skill level 5 in Slings
 10274 | D:11     | Reached skill level 5 in Bows
 10274 | D:11     | Reached skill level 5 in Crossbows
 10274 | D:11     | Reached skill level 5 in Throwing
 10274 | D:11     | Reached skill level 5 in Armour
 10274 | D:11     | Reached skill level 5 in Shields
 10274 | D:11     | Reached skill level 5 in Unarmed Combat
 10274 | D:11     | Reached skill level 5 in Evocations
 10395 | D:11     | Noticed a two-headed ogre
 10404 | D:11     | Killed a two-headed ogre
 10509 | D:11     | Identified the +4 dagger of Fatigue {vorpal, rF- Int+3
                  | Dex+5}
 10650 | D:10     | Entered Level 10 of the Dungeon
 10672 | D:10     | Found a staircase to the Lair.
 10808 | D:10     | Reached *** piety under Dithmenos
 10837 | D:10     | Reached XP level 11. HP: 57/81 MP: 8/22
 11360 | D:8      | Noticed a two-headed ogre
 11368 | D:8      | Reached skill level 5 in Conjurations
 11368 | D:8      | Reached skill level 5 in Hexes
 11368 | D:8      | Reached skill level 5 in Summonings
 11368 | D:8      | Reached skill level 5 in Necromancy
 11368 | D:8      | Reached skill level 5 in Translocations
 11368 | D:8      | Reached skill level 5 in Transmutations
 11368 | D:8      | Reached skill level 5 in Fire Magic
 11368 | D:8      | Reached skill level 5 in Air Magic
 11368 | D:8      | Reached skill level 5 in Earth Magic
 11368 | D:8      | Reached skill level 5 in Poison Magic
 11375 | D:8      | Killed a two-headed ogre
 11510 | D:8      | Reached **** piety under Dithmenos
 12239 | D:9      | Found a basalt altar of Yredelemnul.
 12436 | D:9      | Reached XP level 12. HP: 91/91 MP: 24/24
 12437 | D:9      | Reached XP level 13. HP: 98/98 MP: 24/26
 12584 | D:6      | Bought a Young Poisoner's Handbook for 300 gold pieces
 12589 | D:6      | Learned a level 4 spell: Olgreb's Toxic Radiance
 12729 | D:10     | Found a shimmering altar of Xom.
 12731 | D:10     | Found a shimmering altar of Xom.
 12733 | D:10     | Found a shimmering altar of Xom.
 13027 | Lair:1   | Entered Level 1 of the Lair of Beasts
 13277 | D:10     | Reached ***** piety under Dithmenos
 14164 | Lair:1   | Noticed Gastronok
 14177 | Lair:1   | Killed Gastronok
 14507 | Lair:1   | Found an ornate altar of the Wu Jian Council.
 14709 | Lair:1   | Found the +3 crown of Dyrovepreva {rElec Int+2 SInv}
 15086 | Lair:1   | Upgraded the game from 0.29-a0-375-g5102b3be25 to
                  | 0.29-a0-378-gc08b2e8bf8
 15113 | Lair:2   | Noticed Fannar
 15140 | Lair:2   | Killed Fannar
 15440 | Lair:2   | Found a staircase to the Shoals.
 15818 | Lair:2   | Reached skill level 10 in Ice Magic
 15963 | Lair:2   | Found a hole to the Spider Nest.
 16473 | Lair:3   | Reached XP level 14. HP: 106/106 MP: 22/27
 16673 | Lair:3   | Reached skill level 10 in Spellcasting
 16753 | Lair:3   | Identified the +0 scale mail of the Valley {Fly rC- Dex+4}
 16866 | Lair:3   | Noticed Sonja
 17012 | Lair:3   | Killed Sonja
 17959 | Lair:4   | Reached skill level 10 in Dodging
 19431 | Lair:5   | Reached skill level 10 in Stealth
 19628 | Lair:5   | Identified the +3 long sword of Mymi {vorpal, rN+ Will+++
                  | Int+4 Dex-2}
 19790 | Lair:5   | Reached skill level 10 in Invocations
 19806 | Lair:5   | Reached ****** piety under Dithmenos
 19927 | Lair:5   | Found a staircase to the Slime Pits.
 20181 | Lair:5   | Identified the +0 scale mail "Ysucip" {rPois rF+ Will-
                  | Stlth+}
 21056 | Lair:5   | Reached XP level 15. HP: 99/114 MP: 23/29
 21133 | Lair:6   | Entered Level 6 of the Lair of Beasts
 21709 | Slime:1  | Entered Level 1 of the Pits of Slime
 23672 | Lair:6   | Learned a level 2 spell: Wereblood
 23702 | Lair:6   | Reached skill level 10 in Fighting
 23702 | Lair:6   | Reached skill level 10 in Short Blades
 23702 | Lair:6   | Reached skill level 10 in Long Blades
 23702 | Lair:6   | Reached skill level 10 in Axes
 23702 | Lair:6   | Reached skill level 10 in Maces & Flails
 23702 | Lair:6   | Reached skill level 10 in Polearms
 23702 | Lair:6   | Reached skill level 10 in Staves
 23702 | Lair:6   | Reached skill level 10 in Slings
 23702 | Lair:6   | Reached skill level 10 in Bows
 23702 | Lair:6   | Reached skill level 10 in Crossbows
 23702 | Lair:6   | Reached skill level 10 in Throwing
 23702 | Lair:6   | Reached skill level 10 in Armour
 23702 | Lair:6   | Reached skill level 10 in Shields
 23702 | Lair:6   | Reached skill level 10 in Unarmed Combat
 23702 | Lair:6   | Reached skill level 10 in Evocations
 26481 | Lair:6   | Found the +12 glaive of Prune {vorpal}
 27626 | D:12     | Found a staircase to the Orcish Mines.
 28274 | D:13     | Noticed Josephine
 28279 | D:13     | Killed Josephine
 28289 | D:13     | Reached XP level 16. HP: 111/123 MP: 22/31
 28327 | D:13     | Learned a level 5 spell: Fireball
 29616 | D:14     | Found a gate to the Vaults.
 29828 | D:14     | Noticed Rupert
 29860 | D:14     | Noticed Snorg
 29871 | D:14     | Killed Snorg
 29998 | D:14     | Noticed Agnes
 30556 | D:14     | Killed Rupert
 30655 | D:14     | Killed Agnes
 31114 | D:15     | Entered Level 15 of the Dungeon
 31256 | D:15     | Found Xouch's Magic Scroll Emporium.
 31272 | D:15     | Bought a scroll of blinking for 120 gold pieces
 31272 | D:15     | Bought a scroll of fear for 56 gold pieces
 31272 | D:15     | Bought a scroll of teleportation for 48 gold pieces
 31272 | D:15     | Bought a scroll of teleportation for 48 gold pieces
 32034 | D:15     | Identified a scroll of acquirement
 32035 | D:15     | Acquired a +0 pair of boots of rampaging
 32121 | D:15     | Found an iron altar of Okawaru.
 32291 | D:15     | Found a staircase to the Depths.
 32855 | Orc:1    | Entered Level 1 of the Orcish Mines
 33515 | Orc:2    | Entered Level 2 of the Orcish Mines
 33929 | Orc:2    | Found a staircase to the Elven Halls.
 34050 | Orc:2    | Found Qigik's Book Shoppe.
 34445 | Orc:2    | Found Jeutour's General Store.
 34445 | Orc:2    | Found Geutu's Jewellery Shoppe.
 34447 | Orc:2    | Found Suraliox's Jewellery Emporium.
 34449 | Orc:2    | Found Ileschekk's Assorted Antiques.
 34460 | Orc:2    | Bought the ring of the Hero {Drain rPois rF+ Slay+3} for
                  | 492 gold pieces
 34961 | Orc:1    | Upgraded the game from 0.29-a0-378-gc08b2e8bf8 to
                  | 0.29-a0-380-gf50f0a9fbc
 35158 | Spider:1 | Entered Level 1 of the Spider Nest
 36109 | Spider:1 | Upgraded the game from 0.29-a0-380-gf50f0a9fbc to
                  | 0.29-a0-384-g6960b1960d
 36206 | Spider:1 | Reached XP level 17. HP: 131/131 MP: 11/33
 37842 | Spider:2 | Found a runed translucent door.
 37842 | Spider:2 | Noticed Qyadack's ghost (adept HOFi)
 39685 | Orc:2    | Bought a book of Geomancy for 270 gold pieces
 39685 | Orc:2    | Bought a Fen Folio for 630 gold pieces
 39689 | Orc:2    | Learned a level 3 spell: Stone Arrow
 39695 | Orc:2    | Learned a level 5 spell: Summon Forest
 40785 | Spider:3 | Noticed Louise
 40798 | Spider:3 | Killed Louise
 41234 | Spider:4 | Entered Level 4 of the Spider Nest
 43003 | Spider:4 | Reached skill level 10 in Conjurations
 43003 | Spider:4 | Reached skill level 10 in Hexes
 43003 | Spider:4 | Reached skill level 10 in Summonings
 43003 | Spider:4 | Reached skill level 10 in Necromancy
 43003 | Spider:4 | Reached skill level 10 in Translocations
 43003 | Spider:4 | Reached skill level 10 in Transmutations
 43003 | Spider:4 | Reached skill level 10 in Fire Magic
 43003 | Spider:4 | Reached skill level 10 in Air Magic
 43003 | Spider:4 | Reached skill level 10 in Earth Magic
 43003 | Spider:4 | Reached skill level 10 in Poison Magic
 44041 | Spider:4 | Reached XP level 18. HP: 140/140 MP: 34/34
 44671 | Spider:4 | Got a gossamer rune of Zot
 44991 | Shoals:1 | Entered Level 1 of the Shoals
 48706 | Shoals:4 | Entered Level 4 of the Shoals
 49393 | Shoals:4 | Reached XP level 19. HP: 83/148 MP: 11/36
 50163 | Shoals:4 | Identified the amulet "Hocvergh" {Faith rElec rC- Str+2
                  | Int+3}
 50360 | Shoals:4 | Got a barnacled rune of Zot
 50888 | Shoals:2 | Learned a level 5 spell: Silence
 51578 | Elf:1    | Entered Level 1 of the Elven Halls
 52249 | Elf:1    | Found a shimmering blue altar of Sif Muna.
 54708 | Elf:2    | Found Tellik's Weapon Shoppe.
 54719 | Elf:2    | Bought 3 curare-tipped darts for 30 gold pieces
 55433 | Elf:2    | Found a runed translucent gate.
 55433 | Elf:2    | Found a runed translucent gate.
 55434 | Elf:2    | Found a runed translucent gate.
 55624 | Elf:3    | Entered Level 3 of the Elven Halls
 55680 | Elf:3    | Found a runed translucent gate.
 55680 | Elf:3    | Found a runed translucent gate.
 55680 | Elf:3    | Found a runed translucent gate.
 55683 | Elf:3    | Noticed spaghetti's ghost (adept VSFi)
 55683 | Elf:3    | Noticed Psyclone's ghost (adept OpIE)
 55686 | Elf:3    | Noticed Zonian's ghost (adept DsIE)
 55837 | Elf:3    | Paralysed by an air elemental for 1 turns
 55841 | Elf:3    | Paralysed by an air elemental for 1 turns
 56837 | D:6      | Bought a Trismegistus Codex for 420 gold pieces
 56843 | D:6      | Learned a level 5 spell: Freezing Cloud
 57094 | Elf:3    | Paralysed by an air elemental for 1 turns
 57725 | Elf:3    | Reached XP level 20. HP: 157/157 MP: 25/38
 58963 | Elf:3    | Identified the +1 robe of Witatani {rElec Int+4 Slay+2}
 58963 | Elf:3    | Identified the amulet of Wariness {RegenMP Str+2 Int+2}
 58981 | Elf:3    | Noticed a Tzitzimitl
 58999 | Elf:3    | Noticed a Tzitzimitl
 59310 | Elf:3    | Got the Volume of the Seven Scars
 59419 | Elf:3    | Identified the +1 falchion of Viess {flame, *Rage rPois
                  | rCorr Int+3 Dex+2}
 59658 | Elf:3    | Got the Collected Works on Dislocation
 59662 | Elf:3    | Identified the +1 hand crossbow of Hemazyre {vorpal, rElec
                  | MP-9 Str+3}
 59671 | Elf:3    | Identified the +1 falchion of Fragile Peace {distort, rN+
                  | Int+4 Stlth+}
 60320 | Vaults:1 | Entered Level 1 of the Vaults
 60336 | Vaults:1 | Found Herroam's Weapon Emporium.
 61255 | Vaults:1 | Reached skill level 15 in Invocations
 61293 | Vaults:1 | Found Juecroi's Assorted Antiques.
 62240 | Vaults:1 | Reached XP level 21. HP: 165/165 MP: 39/39
 62563 | Vaults:2 | Found Diufinli's Armour Shoppe.
 62587 | Vaults:2 | Noticed Sojobo
 62870 | Vaults:2 | Reached skill level 15 in Spellcasting
 63460 | Vaults:2 | Reached skill level 15 in Dodging
 63466 | Vaults:2 | Killed Sojobo
 64261 | Vaults:2 | Identified the +5 chain mail of Submission {rF+ rN+}
 64712 | Vaults:3 | Found a staircase to the Crypt.
 64871 | Vaults:3 | You are sucked into a shaft and drop 1 floor!
 64995 | Vaults:4 | Reached skill level 15 in Stealth
 65320 | Vaults:4 | Found a magical portal.
 65339 | Vaults:4 | Upgraded the game from 0.29-a0-384-g6960b1960d to
                  | 0.29-a0-392-g297d3b089c
 65344 | WizLab   | Entered Tukima's Studio
 65444 | WizLab   | Found the -2 hat of the Alchemist {rElec rPois rF+ rC+ rN+
                  | Will+ rMut rCorr}
 65610 | WizLab   | Got Sif Muna's Tome of Enchantment
 65616 | WizLab   | Learned a level 4 spell: Iskenderun's Mystic Blast
 65644 | WizLab   | Noticed Zonian's illusion
 65708 | WizLab   | Noticed Zonian's illusion
 65739 | WizLab   | Noticed Zonian's illusion
 67348 | Vaults:3 | Noticed Nikola
 67353 | Vaults:3 | Killed Nikola
 68132 | Vaults:3 | Noticed Asterion
 68133 | Vaults:3 | Paralysed by a vampire knight for 3 turns
 68576 | Orc:2    | Bought a book of Decay for 450 gold pieces
 68581 | Orc:2    | Learned a level 4 spell: Dispel Undead
 68980 | Vaults:3 | Killed Asterion
 69267 | Vaults:3 | Reached XP level 22. HP: 125/156 MP: 18/41
 71829 | Vaults:4 | Reached skill level 15 in Fighting
 71829 | Vaults:4 | Reached skill level 15 in Short Blades
 71829 | Vaults:4 | Reached skill level 15 in Long Blades
 71829 | Vaults:4 | Reached skill level 15 in Axes
 71829 | Vaults:4 | Reached skill level 15 in Maces & Flails
 71829 | Vaults:4 | Reached skill level 15 in Polearms
 71829 | Vaults:4 | Reached skill level 15 in Staves
 71829 | Vaults:4 | Reached skill level 15 in Slings
 71829 | Vaults:4 | Reached skill level 15 in Bows
 71829 | Vaults:4 | Reached skill level 15 in Crossbows
 71829 | Vaults:4 | Reached skill level 15 in Throwing
 71829 | Vaults:4 | Reached skill level 15 in Armour
 71829 | Vaults:4 | Reached skill level 15 in Shields
 71829 | Vaults:4 | Reached skill level 15 in Unarmed Combat
 71829 | Vaults:4 | Reached skill level 15 in Evocations
 72004 | Vaults:4 | Noticed Margery
 72574 | Vaults:4 | Killed Margery
 74017 | Vaults:4 | Learned a level 5 spell: Summon Mana Viper
 74164 | Vaults:5 | Entered Level 5 of the Vaults
 74840 | D:15     | Bought a scroll of enchant armour for 120 gold pieces
 75530 | Vaults:5 | Noticed an ancient lich
 75546 | Vaults:5 | Noticed a golden dragon
 75553 | Vaults:5 | Killed a golden dragon
 75559 | Vaults:5 | Got the Incunabulum of Enthralling Snow
 75691 | Vaults:5 | Identified the +11 hunting sling of Wunau {vorpal, rF+
                  | Dex+4}
 75691 | Vaults:5 | Identified the +6 plate armour of the Modern Interlopers
                  | {Str+2 Int+4}
 76232 | Vaults:5 | Got a silver rune of Zot
 76314 | Vaults:5 | Identified the +4 quarterstaff of Law {freeze, Fragile rN+
                  | Will+}
 76348 | Vaults:5 | Noticed a golden dragon
 76385 | Vaults:5 | Killed a golden dragon
 76505 | Vaults:5 | Noticed an ancient lich
 76509 | Vaults:5 | Noticed a golden dragon
 78012 | Vaults:5 | Identified the amulet "Wituj" {rN+ Regen+ Int+2}
 78531 | Vaults:5 | Killed an ancient lich
 78532 | Vaults:5 | Reached XP level 23. HP: 178/182 MP: 26/43
 78822 | Vaults:5 | Noticed Jory
 79122 | Vaults:4 | Killed Jory
 79510 | Vaults:5 | Killed an ancient lich
 79670 | Vaults:5 | Found Tawkul's Magic Scroll Shoppe.
 79797 | Vaults:5 | Found Xocuig's Magic Scroll Boutique.
 80153 | Vaults:5 | Found Wofaid's Magic Scroll Shoppe.
 80375 | Vaults:5 | Noticed Mara
 80389 | Vaults:5 | Identified the +0 robe "Ifaivit" {rF+ Will- Slay+5}
 80390 | Vaults:5 | Identified the +3 mace of Agony {antimagic, Will- Dex+5}
 80865 | Depths:1 | Entered Level 1 of the Depths
 80879 | Depths:1 | Found a one-way gate to the infinite horrors of the Abyss.
 80919 | Depths:1 | Found a one-way gateway to a ziggurat.
 80994 | Depths:1 | Found a gateway to Hell.
 81480 | Depths:1 | Identified the ring "Osiaxado" {*Corrode rC+ Will+ EV+4
                  | Int+3}
 82069 | Depths:1 | Found a white marble altar of Elyvilon.
 82224 | Depths:1 | Reached skill level 15 in Ice Magic
 82530 | Depths:1 | Found a one-way gate leading to the halls of Pandemonium.
 83443 | Depths:2 | Paralysed by a vampire knight for 2 turns
 85386 | Depths:2 | You fall into a shaft and drop 1 floor!
 86469 | Depths:2 | Upgraded the game from 0.29-a0-392-g297d3b089c to
                  | 0.29-a0-414-g5075937ec3
 87345 | Depths:3 | Noticed a golden dragon
 87371 | Depths:3 | Killed a golden dragon
 87372 | Depths:3 | Reached XP level 24. HP: 172/191 MP: 39/43
 89387 | Depths:4 | Entered Level 4 of the Depths
 89946 | Depths:4 | Noticed a juggernaut
 90048 | Depths:4 | Killed a juggernaut
 90683 | Vaults:1 | Bought the +8 mithril axe "Arga" {speed, Will+} for 2131
                  | gold pieces
 90683 | Vaults:1 | Found the +8 mithril axe "Arga" {speed, Will+}
 90746 | Crypt:1  | Entered Level 1 of the Crypt
 91614 | Depths:4 | Found a gate to the Realm of Zot.
 92347 | Depths:4 | Found a sparkling altar of Nemelex Xobeh.
 92715 | Depths:4 | Found Qeash's Book Shoppe.
 92716 | Depths:4 | Found Iloe's Jewellery Boutique.
 92716 | Depths:4 | Found Oridwy's Jewellery Boutique.
 95890 | Crypt:2  | Reached XP level 25. HP: 46/199 MP: 12/44
 96803 | Crypt:2  | Found a burning altar of Makhleb.
 96815 | Crypt:2  | Found a glowing golden altar of the Shining One.
 96969 | Crypt:3  | Entered Level 3 of the Crypt
 97260 | Crypt:3  | Noticed a dread lich
 99663 | Crypt:3  | Found a basalt altar of Yredelemnul.
100511 | Crypt:3  | Killed a dread lich
101136 | Crypt:3  | Found a staircase to the Tomb.
101703 | Crypt:3  | Found the dreamshard necklace {*Dream Drain}
101769 | Crypt:3  | Identified the ring "Orodifej" {rC++ rN+ Str-3}
101769 | Crypt:3  | Identified the ring "Vufeqisu" {rN+ MP+9 SInv}
101769 | Crypt:3  | Identified the ring "Wiluiwn" {rN+ rCorr}
101794 | Crypt:3  | Learned a level 6 spell: Statue Form
101801 | Crypt:3  | Learned a level 6 spell: Iron Shot
102621 | Slime:5  | Entered Level 5 of the Pits of Slime
103275 | Slime:5  | Found a viscous altar of Jiyva.
103676 | Slime:5  | Noticed the Royal Jelly
103881 | Slime:5  | Killed the Royal Jelly
104359 | Slime:5  | Got the Grimoire of Evil Rituals
104395 | Slime:5  | Got a slimy rune of Zot
104396 | Slime:5  | Identified the +5 hand axe "Higroh" {drain, rN+ Dex+3 SInv}
104419 | Slime:5  | Identified the +1 leather armour of Crawling {Drain +Inv
                  | rC- Dex+9}
104436 | Slime:5  | Identified the +4 flail of the Onslaught {freeze, rPois
                  | Will+}
104468 | Slime:5  | Identified the +1 scale mail of Ytsy {rN+}
105075 | Spider:2 | Killed Qyadack's ghost
105437 | Elf:3    | Killed Zonian's ghost
105457 | Elf:3    | Killed spaghetti's ghost
105458 | Elf:3    | Reached XP level 26. HP: 208/208 MP: 33/44
106207 | Elf:3    | Killed Psyclone's ghost
106479 | Hell     | Entered the Vestibule of Hell
106479 | Hell     | Noticed Geryon
107331 | Hell     | Noticed Murray
107341 | Depths:1 | Killed Murray
113596 | Hell     | Killed Geryon
113663 | Hell     | Found a gateway to the ashen valley of Gehenna.
113788 | Hell     | Found a gateway to the Iron City of Dis.
113887 | Hell     | Reached skill level 15 in Conjurations
113887 | Hell     | Reached skill level 15 in Hexes
113887 | Hell     | Reached skill level 15 in Summonings
113887 | Hell     | Reached skill level 15 in Necromancy
113887 | Hell     | Reached skill level 15 in Translocations
113887 | Hell     | Reached skill level 15 in Transmutations
113887 | Hell     | Reached skill level 15 in Fire Magic
113887 | Hell     | Reached skill level 15 in Air Magic
113887 | Hell     | Reached skill level 15 in Earth Magic
113887 | Hell     | Reached skill level 15 in Poison Magic
114384 | Hell     | Found a gateway to the freezing wastes of Cocytus.
114429 | Hell     | Found a gateway to the decaying netherworld of Tartarus.
114498 | Hell     | Upgraded the game from 0.29-a0-414-g5075937ec3 to
                  | 0.29-a0-451-gfbfa42419e
114661 | Orc:2    | Bought a potion of heal wounds for 130 gold pieces
114839 | D:6      | Bought a scroll of teleportation for 36 gold pieces
114839 | D:6      | Bought a scroll of enchant weapon for 90 gold pieces
115010 | D:15     | Bought a scroll of teleportation for 48 gold pieces
115010 | D:15     | Bought a scroll of teleportation for 48 gold pieces
115010 | D:15     | Bought a scroll of acquirement for 832 gold pieces
115010 | D:15     | Acquired 508 gold pieces
115012 | D:15     | Upgraded the game from 0.29-a0-451-gfbfa42419e to
                  | 0.29-a0-459-g97dee8cd24
115185 | Zot:1    | Entered Level 1 of the Realm of Zot
117106 | Zot:1    | You are sucked into a shaft and drop 1 floor!
117242 | Zot:1    | Noticed a Killer Klown
117242 | Zot:1    | Noticed a Killer Klown
117738 | Zot:1    | Noticed an orb of fire
117747 | Zot:1    | Killed an orb of fire
118226 | Zot:1    | Upgraded the game from 0.29-a0-459-g97dee8cd24 to
                  | 0.29-a0-468-ge57f7f99b4
118254 | Zot:1    | Killed a Killer Klown
119145 | Zot:1    | Killed a Killer Klown
120199 | Zot:1    | Found the +3 Mad Mage's Maulers {Infuse+∞ RegenMP Int-3}
123055 | Zot:2    | Reached XP level 27. HP: 211/219 MP: 22/45
124154 | Zot:2    | Got Sif Muna's Guide on Dislocation
125602 | Zot:2    | Identified the ring "Waushado" {rF+ rC- rCorr Str+5 Int+4}
125605 | Zot:2    | Identified the ring of the Trout {Wiz Str+3}
126247 | Vaults:5 | Bought a scroll of summoning for 152 gold pieces
126254 | Vaults:5 | Bought a scroll of blinking for 127 gold pieces
126254 | Vaults:5 | Bought a scroll of teleportation for 51 gold pieces
126262 | Vaults:5 | Killed Mara
128593 | Zot:3    | Identified the +1 scale mail "Cenostikk" {rPois Int-4 Dex+4
                  | Stlth+}
129526 | D:6      | Bought the Volume of Companions for 720 gold pieces
132504 | Zot:4    | Learned a level 7 spell: Monstrous Menagerie
133539 | Zot:5    | Entered Level 5 of the Realm of Zot
134599 | Zot:5    | Noticed a dread lich
134605 | Zot:5    | Killed a dread lich
135296 | Zot:5    | Noticed an orb of fire
135849 | Depths:1 | Upgraded the game from 0.29-a0-468-ge57f7f99b4 to
                  | 0.29-a0-472-ge5599a681e
135898 | Pan      | Entered Pandemonium
136802 | Pan      | Noticed Richank the pandemonium lord
136826 | Pan      | Killed Richank the pandemonium lord
141201 | Pan      | Glimpsed the power of Zot.
141304 | Depths:1 | Escaped Pandemonium
141950 | D:11     | Learned a level 7 spell: Spellforged Servitor
142369 | D:11     | Learned a level 5 spell: Lee's Rapid Deconstruction
143140 | Zot:5    | Noticed an orb of fire
143147 | Zot:5    | Noticed an orb of fire
143153 | Zot:5    | Killed an orb of fire
143158 | Zot:5    | Killed an orb of fire
143741 | Zot:5    | Killed an orb of fire
143981 | Zot:5    | HP: 6/227 [Orb Guardian (13)]
143981 | Zot:5    | Mangled by an Orb Guardian

Illustrated notes

Levels and vault maps discovered:
D:1:      kilobyte_arrival_exit_the_forest, layout_basic,
          chequers_serial_rivers_small_3
D:2:      layout_rooms, basic_altar
D:3:      layout_loops_cross, nicolae_dithmenos_shadow_blocks, elyvilon_altar_3,
          mainiacjoe_overflow_catwalk_spiral, hellmonk_ecumenical_altar_run_dry
D:4:      layout_gridville, cheibrodos_ashenzari_chains,
          beargit_hepliaklqana_dungeon_heroes, minmay_misc_feat_rugged,
          uniq_edmund
D:5:      layout_basic, cheibrodos_sewer_entry_bend, dreamdust_gnoll_farm
D:6:      layout_cave_pools, minmay_temple_entry_stoned_glass, serial_shops,
          nicolae_shop_behind_doors, nicolae_shop_stone,
          nicolae_shop_advertising_works [nicolae_subvault_shop_adworks],
          nicolae_shop_behind_doors, hangedman_decor_peaks_small
D:7:      layout_gridville, enter_bailey_3, nrook_campfire, grunt_ministairs_10
D:8:      layout_basic, mainiacjoe_overflow_six_doors_small,
          mainiacjoe_overflow_24_doors, grunt_decor_clamped,
          nrook_mini_backslash, chequers_serial_rivers_room_b
D:9:      layout_rooms, yredelemnul_altar_generic, kennysheep_cross_bottleneck
D:10:     layout_rooms, xom_redecorated, minmay_lair_entry_grove
D:11:     layout_roguey
D:12:     layout_long_grid, hiddenorc1_lemuel
D:13:     layout_layer_cave, uniq_josephine
D:14:     layout_long_grid, david_vaults_2, minmay_staircase_windowed_large,
          uniq_snorg, uniq_rupert, uniq_agnes
D:15:     gammafunk_enter_depths_forms, layout_irregular_city, serial_shops,
          nicolae_shop_stone, okawaru_ov_weapons_minmay
Lair:1:   layout_regular_city, basic_altar, uniq_gastronok
Lair:2:   layout_hall_layers, elwin_shoals_entry_stream, spider_nest_entry_a,
          minmay_lair_oklob_bushes, uniq_fannar
Lair:3:   nzn_winding_woodlands_small [nzn_winding_woodlands_5x15_twine,
          nzn_winding_woodlands_center_diamonds,
          nzn_winding_woodlands_5x15_eye], layout_hall_layers,
          serial_bayou_crossing, grunt_megastairs_1, uniq_sonja
Lair:4:   minmay_lair_venomous_thicket, layout_hall_layers,
          serial_bayou_shore_a, serial_bayou_shore_b, grunt_megastairs_5
Lair:5:   regret_index_wax_grids, layout_long_grid, slime_dummy
Lair:6:   evilmike_catoblepas_cave, layout_big_grid, infiniplex_staircase_pool_2
Shoals:1: layout_shoals, portal_ice_cave_entry_ugly_swarm
Shoals:2: layout_shoals
Shoals:3: layout_shoals, nicolae_shoals_mertower
Shoals:4: shoals_end_hangedman, layout_shoals
Spider:1: layout_spider_delve, hangedman_spider_tarantella_strand
Spider:2: layout_chambers, gammafunk_ghost_grave
Spider:3: layout_chambers, uniq_louise
Spider:4: guppyfry_spider_rune, drop_trap
Slime:1:  layout_caves
Slime:2:  layout_caves
Slime:3:  layout_caves
Slime:4:  layout_caves, basic_altar
Slime:5
Orc:1:    layout_diamond_mine
Orc:2:    st_orc_rangers, layout_caves, serial_shops, shop
Elf:1:    layout_geoelf_grid, basic_altar, minivault_28,
          dreamdust_princess_bridge
Elf:2:    nicolae_elf_blades_splatter_lattice [nicolae_blade_lattice],
          layout_loops_cross, serial_shops, nicolae_shop_bloodbath_and_beyond
Elf:3:    elf_hall_gauntlet_wide, layout_loops_cross, gammafunk_ghost_cemetery,
          minmay_crystal_room, einodemon_crawler_minivault
Vaults:1: vaults_mumra_chevron, v_misc_2, hangedman_vaults_nodes,
          vaults_dpeg_diagonal, nicolae_vaults_branching_niches,
          nicolae_vaults_stairing_the_circle,
          vaults_room_grunt_arrival_checkpoint,
          nicolae_vaults_windows_and_doors_thing, grunt_vaults_hallway_short,
          nicolae_vaults_network_s, ontoclasm_vaults_claustrophobia,
          nicolae_vaults_little_squares_3, layout_vaults_maze_snakey,
          serial_shops, nicolae_shop_overgrown_old_shop,
          nicolae_shop_hallway_stairs
Vaults:2: vaults_room_fours, nicolae_vaults_circle_grid_b,
          nicolae_vaults_network_square, hangedman_vaults_trim,
          vaults_standard_mumra_x, vaults_room_pool, ontoclasm_vaults_eye,
          v_misc_2, v_misc_15, vaults_room_pools, layout_vaults_big_room,
          serial_shops, nicolae_shop_statue_plus, uniq_sojobo
Vaults:3: portal_desolation_entry_salt, nicolae_vaults_ninety_degrees,
          minmay_crypt_entry_simple_sparse, vaults_room_door_ring, v_pattern_5,
          vaults_mumra_chevron_long, sword_in_stone, layout_vaults_omnigrid,
          uniq_nikola
Vaults:4: infiniplex_enter_wizlab_water, v_misc_14, v_misc_30, v_misc_25,
          vaults_room_pool, nicolae_vaults_angled_halls, grunt_vaults_focal,
          vaults_dpeg_doors, nicolae_vaults_angled_halls,
          ontoclasm_vaults_pinch, hangedman_vaults_restitches,
          nicolae_vaults_border_crossing, hangedman_vaults_variations,
          vaults_room_semicircle, hangedman_vaults_capsules,
          hangedman_vaults_slice, vaults_room_semicircle,
          layout_vaults_big_cross, uniq_margery
Vaults:5: serial_shops, uniq_jory, uniq_mara
Crypt:1:  layout_gridlike, roderic_lattice_octagonal_star, grunt_megastairs_4
Crypt:2:  layout_chaotic_city, corexii_leaking_fountain, nzn_life_drinkers
Crypt:3:  due_elkab, layout_chaotic_city, basic_altar
Depths:1: layout_small_grid, enter_ziggurat_d, grunt_mini_vestibule,
          grunt_pan_entry_zigzag, abyss_entry, minmay_misc_feat_doors,
          kennysheep_small_circle, kennysheep_random_hallway
Depths:2: dreamdust_merry_men, layout_cave_pools, rand_demon_pan_entry_4,
          chequers_serial_rivers_room_b, hell_entry, abyss_entry,
          minmay_staircase_bubble, uniq_asterion
Depths:3: hellmonk_ruined_rings, layout_gridlike, pf_vacation_house_of_asmodeus,
          minmay_room_of_horrors, dreamdust_wishing_well,
          infiniplex_staircase_pillars_2
Depths:4: grunt_x_marks_the_spot, layout_gridlike, grunt_hell_entry_dis_grunt,
          abyss_entry, drop_trap, nemelex_xobeh_ov_fountains_minmay,
          minmay_shop_grove
Hell
Zot:1:    infiniplex_zot_generator, layout_misc_corridors
Zot:2:    gammafunk_mikee_crab_dinner, layout_cathedral_of_symmetry
Zot:3:    layout_twisted_circle
Zot:4:    layout_cellular_growth
Zot:5:    layout_gridlike

Skill      XL: |  1  2  3  4  5  6  7  8  9 10 11 12 13 14 15 16 17 18 19 20 21 22 23 24 25 26 27 |
---------------+----------------------------------------------------------------------------------+-----
Spellcasting   | 5 6 7 8 9 10 11 12 13 14 15 16 17 18 19 | 19.7
Invocations    | 1 2 3 4 5 6 7 8 9 10 11 12 13 14 15 16 17 18 19 20 | 20.7
Fighting       | 1 2 3 4 5 7 8 9 10 11 12 13 14 15 16 17 18 20 | 20.8
Short Blades   | 1 2 3 4 5 7 8 9 10 11 12 13 14 15 16 17 18 19 | 19.1
Long Blades    | 1 2 3 4 5 7 8 9 10 11 12 13 14 15 16 17 18 19 | 19.1
Axes           | 1 2 3 4 5 7 8 9 10 11 12 13 14 15 16 17 18 19 | 19.1
Maces & Flails | 1 2 3 4 5 7 8 9 10 11 12 13 14 15 16 17 18 19 | 19.1
Polearms       | 1 2 3 4 5 7 8 9 10 11 12 13 14 15 16 17 18 19 | 19.1
Staves         | 1 2 3 4 5 7 8 9 10 11 12 13 14 15 16 17 18 19 | 19.1
Slings         | 1 2 3 4 5 7 8 9 10 11 12 13 14 15 16 17 18 19 | 19.1
Bows           | 1 2 3 4 5 7 8 9 10 11 12 13 14 15 16 17 18 19 | 19.1
Crossbows      | 1 2 3 4 5 7 8 9 10 11 12 13 14 15 16 17 18 19 | 19.1
Throwing       | 1 2 3 4 5 7 8 9 10 11 12 13 14 15 16 17 18 19 | 19.1
Armour         | 1 2 3 4 5 7 8 9 10 11 12 13 14 15 16 17 18 19 | 19.1
Shields        | 1 2 3 4 5 7 8 9 10 11 12 13 14 15 16 17 18 19 | 19.1
Unarmed Combat | 1 2 3 4 5 7 8 9 10 11 12 13 14 15 16 17 18 19 | 19.1
Evocations     | 1 2 3 4 5 7 8 9 10 11 12 13 14 15 16 17 18 19 | 19.1
Conjurations   | 1 2 3 4 5 6 7 8 9 10 11 12 13 14 15 16 | 16.3
Hexes          | 1 2 3 4 5 6 7 8 9 10 11 12 13 14 15 16 | 16.3
Summonings     | 1 2 3 4 5 6 7 8 9 10 11 12 13 14 15 16 | 16.3
Necromancy     | 1 2 3 4 5 6 7 8 9 10 11 12 13 14 15 16 | 16.3
Translocations | 1 2 3 4 5 6 7 8 9 10 11 12 13 14 15 16 | 16.3
Transmutations | 1 2 3 4 5 6 7 8 9 10 11 12 13 14 15 16 | 16.3
Fire Magic     | 1 2 3 4 5 6 7 8 9 10 11 12 13 14 15 16 | 16.3
Air Magic      | 1 2 3 4 5 6 7 8 9 10 11 12 13 14 15 16 | 16.3
Earth Magic    | 1 2 3 4 5 6 7 8 9 10 11 12 13 14 15 16 | 16.3
Poison Magic   | 1 2 3 4 5 6 7 8 9 10 11 12 13 14 15 16 | 16.3
Dodging        | 5 6 7 8 9 10 11 12 13 14 15 16 17 18 19 | 19.6
Stealth        | 5 6 7 8 9 10 11 12 13 14 15 16 17 18 19 | 19.5
Ice Magic      | 8 9 10 11 12 13 14 15 16 17 | 17.6

Action                   |  1- 3 |  4- 6 |  7- 9 | 10-12 | 13-15 | 16-18 | 19-21 | 22-24 | 25-27 || total
-------------------------+-------+-------+-------+-------+-------+-------+-------+-------+-------++-------
Melee: Dagger            |    29 |    40 |       |       |       |       |       |       |       ||    69
       Bite              |     2 |     6 |    37 |    22 |   160 |   273 |   264 |   377 |   573 ||  1714
       Quarterstaff      |       |     6 |    19 |       |       |       |       |       |       ||    25
       Short sword       |       |       |   216 |   180 |   935 |  1584 |  1443 |  1363 |  1540 ||  7261
       Punch             |       |       |     3 |     6 |    73 |   107 |       |       |       ||   189
       Long sword        |       |       |       |       |    36 |       |       |    78 |    71 ||   185
       Broad axe         |       |       |       |       |       |       |       |   245 |   825 ||  1070
       Hunting sling     |       |       |       |       |       |       |       |     2 |       ||     2
 Fire: Hunting sling     |       |       |       |       |       |       |       |   588 |  1312 ||  1900
Throw: Dart              |       |       |       |       |       |     2 |       |       |       ||     2
       Javelin           |       |       |       |       |       |       |     9 |     3 |    10 ||    22
       Throwing net      |       |       |       |       |       |       |       |     6 |     8 ||    14
 Cast: Freeze            |    47 |    37 |     2 |       |       |       |       |       |       ||    86
       Frozen Ramparts   |       |     3 |    11 |    16 |    38 |    49 |    32 |    36 |    11 ||   196
       Ozocubu's Armour  |       |     2 |     4 |     6 |    17 |    40 |    27 |    30 |     9 ||   135
       Hailstorm         |       |       |     1 |       |    14 |    24 |    51 |    33 |    21 ||   144
       Olgreb's Toxic Ra |       |       |       |       |    12 |    41 |    15 |    15 |     1 ||    84
       Fireball          |       |       |       |       |       |    30 |    22 |     4 |     4 ||    60
       Stone Arrow       |       |       |       |       |       |    28 |     3 |    32 |    12 ||    75
       Freezing Cloud    |       |       |       |       |       |       |    10 |     2 |     1 ||    13
       Silence           |       |       |       |       |       |       |     1 |     2 |     1 ||     4
       Dispel Undead     |       |       |       |       |       |       |     6 |    27 |    22 ||    55
       Summon Forest     |       |       |       |       |       |       |     6 |     1 |     2 ||     9
       Iskenderun's Myst |       |       |       |       |       |       |     5 |    25 |    26 ||    56
       Summon Mana Viper |       |       |       |       |       |       |       |     2 |       ||     2
       Statue Form       |       |       |       |       |       |       |       |       |     7 ||     7
       Iron Shot         |       |       |       |       |       |       |       |       |   113 ||   113
       Monstrous Menager |       |       |       |       |       |       |       |       |     6 ||     6
       Lee's Rapid Decon |       |       |       |       |       |       |       |       |     4 ||     4
Invok: Shadow Step       |       |       |       |       |       |       |     3 |       |       ||     3
Evoke: Wand              |       |       |       |       |    13 |    30 |     8 |    25 |    14 ||    90
       Phantom mirror    |       |       |       |       |       |     1 |       |       |       ||     1
       Tin of tremorston |       |       |       |       |       |     2 |     5 |     7 |     6 ||    20
       Box of beasts     |       |       |       |       |       |     2 |     2 |     1 |       ||     5
       Lightning rod     |       |       |       |       |       |       |    10 |    14 |    15 ||    39
       Condenser vane    |       |       |       |       |       |       |     1 |     3 |     1 ||     5
       Horn of Geryon    |       |       |       |       |       |       |       |       |     5 ||     5
  Use: Scroll            |     1 |     5 |     6 |     6 |    11 |    13 |    12 |    18 |    27 ||    99
       Potion            |       |     1 |     1 |     3 |     4 |     5 |    12 |    25 |    22 ||    73
 Stab: Sleeping          |     7 |     7 |    32 |     6 |    46 |    62 |    77 |    52 |    84 ||   373
       Distracted        |       |       |       |       |     4 |    10 |    22 |     6 |    20 ||    62
       Petrified         |       |       |       |       |     2 |       |       |       |       ||     2
       Petrifying        |       |       |       |       |     1 |       |       |       |       ||     1
       Held in net/web   |       |       |       |       |       |       |       |     5 |     3 ||     8
Armor: Robe              |     9 |    10 |    59 |       |       |       |       |       |       ||    78
       Leather armour    |       |       |     4 |    56 |   355 |   489 |   341 |   380 |   505 ||  2130
       Chain mail        |       |       |       |       |       |       |       |    52 |       ||    52
       Skin              |       |       |       |       |       |       |       |       |    92 ||    92
Dodge: Dodged            |    36 |    36 |   198 |   184 |   805 |  1215 |   645 |  1000 |  1800 ||  5919
Block: Buckler           |       |       |       |       |       |   119 |   369 |   726 |  1289 ||  2503
       Orb               |       |       |       |       |       |    20 |       |       |       ||    20
       Reflection        |       |       |       |       |       |       |     9 |    31 |    15 ||    55

Table legend: (Time is in decaauts)
 A = Elapsed time spent in this place.
 B = Non-inter-level travel time spent in this place.
 C = Inter-level travel time spent in this place.
 D = Time resting spent in this place.
 E = Time spent auto-exploring this place.
 F = Levels seen in this place.
 G = Mean time per level.
                   A        B        C        D        E       F      G
               +--------+--------+--------+--------+--------+-----+--------+
         Total | 140147 | 126856 |  13291 |  68194 |  32537 |  61 | 2297.5 |
       Dungeon |  23337 |  18838 |   4499 |   5567 |  10186 |  15 | 1555.8 |
          Lair |  14372 |  13226 |   1146 |   6670 |   4048 |   6 | 2395.3 |
        Shoals |   5421 |   5126 |    295 |   1789 |   1775 |   4 | 1355.2 |
   Spider Nest |   8306 |   8051 |    255 |   3840 |   2802 |   4 | 2076.5 |
    Slime Pits |   2439 |   2438 |      1 |   1389 |    172 |   5 |  487.8 |
  Orcish Mines |   3059 |   1979 |   1080 |    640 |    713 |   2 | 1529.5 |
   Elven Halls |   9115 |   8588 |    527 |   4902 |   1528 |   3 | 3038.3 |
        Vaults |  20050 |  17849 |   2201 |  10236 |   3868 |   5 | 4010.0 |
         Crypt |   8162 |   7943 |    219 |   4341 |   1771 |   3 | 2720.7 |
        Depths |  21846 |  19868 |   1978 |  14644 |   2861 |   4 | 5461.5 |
          Hell |   1162 |   1142 |     20 |    407 |    327 |   1 | 1162.0 |
           Zot |  16674 |  15610 |   1064 |   9706 |   2121 |   5 | 3334.8 |
   Pandemonium |   5098 |   5098 |      0 |   3696 |    291 |   1 | 5098.0 |
         Sewer |    114 |    114 |      0 |      0 |      3 |   1 |  114.0 |
        Bailey |    323 |    323 |      0 |      0 |     69 |   1 |  323.0 |
        Wizlab |    663 |    663 |      0 |    363 |      0 |   1 |  663.0 |
               +--------+--------+--------+--------+--------+-----+--------+

Top non-repeatable levels by time:
Depths:1: 10959 daAuts
Vaults:4: 8009 daAuts
   Zot:1: 5913 daAuts
  Lair:5: 4778 daAuts
   Elf:3: 4656 daAuts
Depths:3: 4106 daAuts
Depths:4: 3751 daAuts
Vaults:3: 3556 daAuts
Spider:4: 3463 daAuts
 Crypt:2: 3337 daAuts
Vaults:5: 3334 daAuts
   Zot:2: 3241 daAuts
Depths:2: 3029 daAuts
   Zot:4: 2749 daAuts
Vaults:2: 2735 daAuts
